TOP OF THE 1ST |
Calgary Lynx batting - Pitching for Santa Barbara Golden Cranes : RHP Herman Barnes
|
Pitching: RHP Herman Barnes
|
|
Batting: RHB Jim Browning
|
0-0: Ball 1-0: Swinging Strike 1-1: Foul Ball, location: 2F 1-2: Ball 2-2: Strikes out looking
|
Batting: SHB Tom Craft
|
0-0: Ball 1-0: Called Strike 1-1: Ball 2-1: Ball 3-1: Foul Ball, location: 2F 3-2: Strikes out looking
|
Batting: RHB Juan Sánchez
|
0-0: Ball 1-0: Foul Ball, location: 2F 1-1: SOLO HOME RUN (Flyball, 8RXD), Distance : 435 ft
|
Batting: SHB Vasco Paradela
|
0-0: Ball 1-0: Ball 2-0: Foul Ball, location: 2F 2-1: Foul Ball, location: 2F 2-2: Ball 3-2: Strikes out swinging
|
Top of the 1st over - 1 run(s), 1 hit(s), 0 error(s), 0 left on base; Calgary 1 - Santa Barbara 0 |
BOTTOM OF THE 1ST |
Santa Barbara Golden Cranes batting - Pitching for Calgary Lynx : RHP Jorge Rivas
|
Pitching: RHP Jorge Rivas
|
|
Batting: RHB Kyle Dempsey
|
0-0: Foul Ball, location: 2F 0-1: Ball 1-1: Swinging Strike 1-2: DOUBLE (Flyball, 8LM) - OUT at third base trying to stretch hit.
|
Batting: RHB Jesús Murillo
|
0-0: Bunt for hit - play at first, batter OUT! 5-3
|
Batting: RHB Tom Baker
|
0-0: Called Strike 0-1: SINGLE (Line Drive, 34D)
|
Batting: LHB Marvin von Seydlitz
|
0-0: Ball 1-0: Ball 2-0: Called Strike 2-1: Foul Ball, location: 2F 2-2: Ball 3-2: Ground out U3 (Groundball, 3S)
|
Bottom of the 1st over - 0 run(s), 2 hit(s), 0 error(s), 1 left on base; Calgary 1 - Santa Barbara 0 |
TOP OF THE 2ND |
Calgary Lynx batting - Pitching for Santa Barbara Golden Cranes : RHP Herman Barnes
|
Batting: RHB Pancho Salaedo
|
0-0: Swinging Strike 0-1: Ball 1-1: Swinging Strike 1-2: Foul Ball, location: 2F 1-2: Ball 2-2: Foul Ball, location: 2F 2-2: Strikes out swinging
|
Batting: LHB Gilbert Davis
|
0-0: Ground out 1-3 (Groundball, 13S)
|
Batting: LHB Herman Gilliland
|
0-0: Ball 1-0: Called Strike 1-1: Foul Ball, location: 2F 1-2: Ball 2-2: Foul Ball, location: 2F 2-2: Foul Ball, location: 2F 2-2: Foul Ball, location: 2F 2-2: Ball 3-2: Foul Ball, location: 2F 3-2: Strikes out swinging
|
Top of the 2nd over - 0 run(s), 0 hit(s), 0 error(s), 0 left on base; Calgary 1 - Santa Barbara 0 |
BOTTOM OF THE 2ND |
Santa Barbara Golden Cranes batting - Pitching for Calgary Lynx : RHP Jorge Rivas
|
Batting: RHB San-gui Liang
|
0-0: Called Strike 0-1: Foul Ball, location: 2F 0-2: Strikes out swinging
|
Batting: RHB Mal Phillips
|
0-0: Ground out 4-3 (Groundball, 4)
|
Batting: RHB Ricardo Pérez
|
0-0: Foul Ball, location: 2F 0-1: Foul Ball, location: 2F 0-2: Ball 1-2: Foul Ball, location: 2F 1-2: Ground out 4-3 (Groundball, 4)
|
Bottom of the 2nd over - 0 run(s), 0 hit(s), 0 error(s), 0 left on base; Calgary 1 - Santa Barbara 0 |
TOP OF THE 3RD |
Calgary Lynx batting - Pitching for Santa Barbara Golden Cranes : RHP Herman Barnes
|
Batting: RHB Wilbur James
|
0-0: Bunted foul 0-1: Swinging Strike 0-2: Ball 1-2: Ball 2-2: Foul Ball, location: 2F 2-2: SINGLE (Flyball, 9LS)
|
Batting: LHB Iván Flores
|
0-0: Ball 1-0: Ball 2-0: SINGLE (Line Drive, 4D) Wilbur James to second
|
Batting: RHB Jim Browning
|
0-0: Ball 1-0: Called Strike 1-1: Swinging Strike 1-2: Ball 2-2: Foul Ball, location: 2F 2-2: Ball 3-2: Foul Ball, location: 2F 3-2: SINGLE (Line Drive, 78S) Wilbur James to third Iván Flores to second Wilbur James scores Iván Flores to third
|
Batting: SHB Tom Craft
|
0-0: Swinging Strike 0-1: Foul Ball, location: 2F 0-2: Strikes out looking
|
Batting: RHB Juan Sánchez
|
0-0: Called Strike Throwing error on steal attempt, E2 Iván Flores scores Jim Browning to third 0-1: Ball 1-1: Ball 2-1: Ball 3-1: Ground out 4-3 (Groundball, 4) Jim Browning scores
|
Batting: SHB Vasco Paradela
|
0-0: Called Strike 0-1: Called Strike 0-2: Ball 1-2: SINGLE (Line Drive, 34D)
|
Batting: RHB Pancho Salaedo
|
0-0: Ball 1-0: Called Strike 1-1: Foul Ball, location: 2F 1-2: SINGLE (Flyball, 78S) Vasco Paradela to second
|
Batting: LHB Gilbert Davis
|
0-0: Swinging Strike 0-1: Ball 1-1: Foul Ball, location: 2F 1-2: Fly out, F8 (Flyball, 8LM)
|
Top of the 3rd over - 3 run(s), 5 hit(s), 1 error(s), 2 left on base; Calgary 4 - Santa Barbara 0 |
BOTTOM OF THE 3RD |
Santa Barbara Golden Cranes batting - Pitching for Calgary Lynx : RHP Jorge Rivas
|
Batting: RHB Juan Jose Díaz
|
0-0: Called Strike 0-1: Foul Ball, location: 2F 0-2: Ball 1-2: Ground out 6-3 (Groundball, 6)
|
Batting: RHB Tim Wilson
|
0-0: Ball 1-0: Ball 2-0: Called Strike 2-1: Foul Ball, location: 2F 2-2: Ground out 4-3 (Groundball, 4)
|
Batting: RHB Kyle Dempsey
|
0-0: Called Strike 0-1: Reached on error, E5 (Groundball, 5)
|
Batting: RHB Jesús Murillo
|
0-0: Called Strike 0-1: Ball 1-1: Ball 2-1: SINGLE (Line Drive, 78S) Kyle Dempsey to second
|
Batting: RHB Tom Baker
|
0-0: Called Strike 0-1: Ball 1-1: Ball 2-1: Fly out, F6 (Popup, 6M)
|
Bottom of the 3rd over - 0 run(s), 1 hit(s), 1 error(s), 2 left on base; Calgary 4 - Santa Barbara 0 |
TOP OF THE 4TH |
Calgary Lynx batting - Pitching for Santa Barbara Golden Cranes : RHP Herman Barnes
|
Batting: LHB Herman Gilliland
|
0-0: SOLO HOME RUN (Flyball, 9D), Distance : 371 ft
|
Batting: RHB Wilbur James
|
0-0: Foul Ball, location: 2F 0-1: Foul Ball, location: 2F 0-2: Ball 1-2: Foul Ball, location: 2F 1-2: Ball 2-2: Foul Ball, location: 2F 2-2: Foul Ball, location: 2F 2-2: Ground out 1-3 (Groundball, 13S)
|
Batting: LHB Iván Flores
|
0-0: SINGLE (Line Drive, 89M)
|
Batting: RHB Jim Browning
|
0-0: Grounds into double play, 6-4-3 (Groundball, 6)
|
Top of the 4th over - 1 run(s), 2 hit(s), 0 error(s), 0 left on base; Calgary 5 - Santa Barbara 0 |
BOTTOM OF THE 4TH |
Santa Barbara Golden Cranes batting - Pitching for Calgary Lynx : RHP Jorge Rivas
|
Batting: LHB Marvin von Seydlitz
|
0-0: Ball 1-0: Fly out, F7 (Flyball, 7LS)
|
Batting: RHB San-gui Liang
|
0-0: Ground out 6-3 (Groundball, 6MS)
|
Batting: RHB Mal Phillips
|
0-0: Called Strike 0-1: Ball 1-1: Ball 2-1: Reached on error, E5 (Groundball, 56)
|
Batting: RHB Ricardo Pérez
|
0-0: Called Strike 0-1: Ball 1-1: Ball 2-1: Ball 3-1: SINGLE (Line Drive, 6MD) Mal Phillips to second Runner from 2nd tries for 3rd, SAFE, throw made to third Ricardo Pérez to second
|
Batting: RHB Juan Jose Díaz
|
0-0: Foul Ball, location: 2F 0-1: Foul Ball, location: 2F 0-2: Ball 1-2: Ball 2-2: Strikes out swinging
|
Bottom of the 4th over - 0 run(s), 1 hit(s), 1 error(s), 2 left on base; Calgary 5 - Santa Barbara 0 |
TOP OF THE 5TH |
Calgary Lynx batting - Pitching for Santa Barbara Golden Cranes : RHP Herman Barnes
|
Batting: SHB Tom Craft
|
0-0: Foul Ball, location: 2F 0-1: Fly out, F9 (Flyball, 9M)
|
Batting: RHB Juan Sánchez
|
0-0: Fly out, F4 (Popup, 4MD)
|
Batting: SHB Vasco Paradela
|
0-0: Ball 1-0: Called Strike 1-1: Swinging Strike 1-2: Foul Ball, location: 2F 1-2: Ball 2-2: Foul Ball, location: 2F 2-2: Strikes out swinging
|
Top of the 5th over - 0 run(s), 0 hit(s), 0 error(s), 0 left on base; Calgary 5 - Santa Barbara 0 |
BOTTOM OF THE 5TH |
Santa Barbara Golden Cranes batting - Pitching for Calgary Lynx : RHP Jorge Rivas
|
Batting: RHB Tim Wilson
|
0-0: Foul Ball, location: 2F 0-1: Swinging Strike 0-2: Ball 1-2: Ball 2-2: Ball 3-2: Base on Balls
|
Batting: RHB Kyle Dempsey
|
0-0: Called Strike 0-1: Foul Ball, location: 2F 0-2: Ball 1-2: Ground out U3 (Groundball, 3S) Tim Wilson to second
|
Batting: RHB Jesús Murillo
|
0-0: Called Strike 0-1: SINGLE (Flyball, 9LM) Tim Wilson to third Runner from 3rd tries for Home, SAFE, no throw or cutoff
|
Batting: RHB Tom Baker
|
0-0: Called Strike Jesús Murillo is caught stealing 2nd base 0-1: Called Strike 0-2: Ball 1-2: Ground out 5-3 (Groundball, 5S)
|
Bottom of the 5th over - 1 run(s), 1 hit(s), 0 error(s), 0 left on base; Calgary 5 - Santa Barbara 1 |
TOP OF THE 6TH |
Calgary Lynx batting - Pitching for Santa Barbara Golden Cranes : RHP Herman Barnes
|
Pitching: RHP Cam Davidson
|
|
Batting: RHB Pancho Salaedo
|
0-0: Ball 1-0: Foul Ball, location: 2F 1-1: Foul Ball, location: 2F 1-2: Strikes out swinging
|
Batting: LHB Gilbert Davis
|
0-0: Foul Ball, location: 2F 0-1: Foul Ball, location: 2F 0-2: Strikes out swinging
|
Batting: LHB Herman Gilliland
|
0-0: Ball 1-0: Ball 2-0: Called Strike 2-1: Swinging Strike 2-2: Foul Ball, location: 2F 2-2: Foul Ball, location: 2F 2-2: Ground out U3 (Groundball, 3)
|
Top of the 6th over - 0 run(s), 0 hit(s), 0 error(s), 0 left on base; Calgary 5 - Santa Barbara 1 |
BOTTOM OF THE 6TH |
Santa Barbara Golden Cranes batting - Pitching for Calgary Lynx : RHP Jorge Rivas
|
Batting: LHB Marvin von Seydlitz
|
0-0: SINGLE (Flyball, 7LS)
|
Batting: RHB San-gui Liang
|
0-0: Called Strike 0-1: Called Strike 0-2: Fly out, F7 (Flyball, 7M)
|
Batting: RHB Mal Phillips
|
0-0: Ball 1-0: Ball Balk! Marvin von Seydlitz to second 2-0: Called Strike 2-1: Foul Ball, location: 2F 2-2: Foul Ball, location: 2F 2-2: Strikes out looking
|
Batting: RHB Ricardo Pérez
|
0-0: Ball 1-0: Ball 2-0: Fly out, F8 (Flyball, 8LM)
|
Bottom of the 6th over - 0 run(s), 1 hit(s), 0 error(s), 1 left on base; Calgary 5 - Santa Barbara 1 |
TOP OF THE 7TH |
Calgary Lynx batting - Pitching for Santa Barbara Golden Cranes : RHP Cam Davidson
|
Batting: RHB Wilbur James
|
0-0: Foul Ball, location: 2F 0-1: Ground out 6-3 (Groundball, 6)
|
Batting: LHB Iván Flores
|
0-0: Foul Ball, location: 2F 0-1: Ball 1-1: Called Strike 1-2: SINGLE (Line Drive, 8RS)
|
Batting: RHB Jim Browning
|
0-0: Ball 1-0: Ball 2-0: Foul Ball, location: 2F 2-1: Fly out, F4 (Popup, 4M)
|
Batting: SHB Tom Craft
|
0-0: Ground out U3 (Groundball, 3S)
|
Top of the 7th over - 0 run(s), 1 hit(s), 0 error(s), 1 left on base; Calgary 5 - Santa Barbara 1 |
BOTTOM OF THE 7TH |
Santa Barbara Golden Cranes batting - Pitching for Calgary Lynx : RHP Jorge Rivas
|
Batting: RHB Juan Jose Díaz
|
0-0: Ball 1-0: Foul Ball, location: 2F 1-1: SINGLE (Groundball, 6MD)
|
Pitching: RHP Joel Harris
|
|
Batting: RHB Tim Wilson
|
0-0: Foul Ball, location: 2F 0-1: SINGLE (Groundball, 56) Juan Jose Díaz to second
|
Batting: RHB Kyle Dempsey
|
0-0: Foul Ball, location: 2F 0-1: Ball 1-1: Bunt missed! 1-2: Grounds into double play, U4-3 (Groundball, 4) Juan Jose Díaz to third
|
Batting: RHB Jesús Murillo
|
0-0: Called Strike 0-1: Foul Ball, location: 2F 0-2: Foul Ball, location: 2F 0-2: Strikes out swinging
|
Bottom of the 7th over - 0 run(s), 2 hit(s), 0 error(s), 1 left on base; Calgary 5 - Santa Barbara 1 |
TOP OF THE 8TH |
Calgary Lynx batting - Pitching for Santa Barbara Golden Cranes : RHP Cam Davidson
|
Pitching: LHP Fernando Rivero
|
|
Batting: RHB Juan Sánchez
|
0-0: Ball 1-0: Ball 2-0: Called Strike 2-1: Foul Ball, location: 2F 2-2: Ball 3-2: Ground out 5-3 (Groundball, 5)
|
Batting: SHB Vasco Paradela
|
0-0: Ball 1-0: SOLO HOME RUN (Flyball, 78XD), Distance : 427 ft
|
Batting: RHB Pancho Salaedo
|
0-0: Called Strike 0-1: Ball 1-1: Called Strike 1-2: Strikes out looking
|
Batting: LHB Gilbert Davis
|
0-0: Called Strike 0-1: Swinging Strike 0-2: Foul Ball, location: 2F 0-2: Strikes out swinging
|
Top of the 8th over - 1 run(s), 1 hit(s), 0 error(s), 0 left on base; Calgary 6 - Santa Barbara 1 |
BOTTOM OF THE 8TH |
Santa Barbara Golden Cranes batting - Pitching for Calgary Lynx : RHP Joel Harris
|
Now at 3B: Steve Brewer
|
|
Batting: RHB Tom Baker
|
0-0: Ground out 6-3 (Groundball, 6)
|
Batting: LHB Marvin von Seydlitz
|
0-0: Called Strike 0-1: Foul Ball, location: 2F 0-2: Strikes out swinging
|
Batting: RHB San-gui Liang
|
0-0: Called Strike 0-1: Foul Ball, location: 2F 0-2: Ground out 6-3 (Groundball, 6)
|
Bottom of the 8th over - 0 run(s), 0 hit(s), 0 error(s), 0 left on base; Calgary 6 - Santa Barbara 1 |
TOP OF THE 9TH |
Calgary Lynx batting - Pitching for Santa Barbara Golden Cranes : LHP Fernando Rivero
|
Batting: LHB Herman Gilliland
|
0-0: Fly out, F9 (Flyball, 9LS)
|
Batting: RHB Wilbur James
|
0-0: Ball 1-0: Ball 2-0: Ball 3-0: Called Strike 3-1: Base on Balls
|
Batting: LHB Iván Flores
|
0-0: Ball 1-0: Called Strike 1-1: Ball 2-1: Fly out, F5 (Popup, 25F)
|
Batting: RHB Jim Browning
|
0-0: Called Strike 0-1: Fly out, F7 (Flyball, 7M)
|
Top of the 9th over - 0 run(s), 0 hit(s), 0 error(s), 1 left on base; Calgary 6 - Santa Barbara 1 |
BOTTOM OF THE 9TH |
Santa Barbara Golden Cranes batting - Pitching for Calgary Lynx : RHP Joel Harris
|
Now at C: Tom Carlson
|
|
Batting: RHB Mal Phillips
|
0-0: Swinging Strike 0-1: Foul Ball, location: 2F 0-2: Ball 1-2: Strikes out swinging
|
Batting: RHB Ricardo Pérez
|
0-0: Foul Ball, location: 2F 0-1: Ball 1-1: Ball 2-1: DOUBLE (Line Drive, 7LD)
|
Batting: RHB Juan Jose Díaz
|
0-0: Ball 1-0: Ground out 4-3 (Groundball, 4) Ricardo Pérez to third
|
Batting: RHB Tim Wilson
|
0-0: Ball 1-0: Fly out, F5 (Line Drive, 5)
|
Bottom of the 9th over - 0 run(s), 1 hit(s), 0 error(s), 1 left on base; Calgary 6 - Santa Barbara 1 |
|